 Dungeon Crawl Stone Soup version 0.21.0-3-g78d12a8 (webtiles) character file.

861 oplop the Changer (level 8, -1/50 HPs)
             Began as an Octopode Transmuter on Jan 10, 2018.
             Slain by a hornet zombie (10 damage)
             ... in an ossuary.
             The game lasted 00:15:32 (5979 turns).

oplop the Changer (Octopode Transmuter)             Turns: 5979, Time: 00:15:33

Health: -1/50      AC:  1    Str: 11    XL:     8   Next: 2%
Magic:  13/15      EV: 14    Int: 16    God:
Gold:   189        SH:  4    Dex: 12    Spells: 9/16 levels left

rFire    . . .     SeeInvis .     - Unarmed
rCold    . . .     Gourm    .   (no shield)
rNeg     . . .     Faith    .   (helmet restricted)
rPois    .         Spirit   .   j - +4 amulet of reflection
rElec    .         Reflect  +   (no ring)
rCorr    .         Harm     .   (no ring)
MR       .....                  (no ring)
Stlth    +++.......             (no ring)
HPRegen  0.16/turn              (no ring)
MPRegen  0.14/turn              (no ring)
                                (no ring)
                                (no ring)

@: appendage (expiring)
A: almost no armour, stealthy swim, amphibious, 8 rings, constrict 8, tentacle
spike 3, camouflage 1, gelatinous body 1
a: End Transformation


You were in an ossuary.
You were hungry.
One of your tentacles had a temporary spike.
You visited 1 branch of the dungeon, and saw 6 of its levels.
You also visited: Ossuary.

You collected 189 gold pieces.

Inventory:

Missiles
 a - 55 arrows
Jewellery
 j - a +4 amulet of reflection (around mantle)
 k - an uncursed amulet of harm {unknown}
 s - an uncursed ring of stealth {unknown}
 v - an uncursed amulet of guardian spirit {unknown}
Wands
 p - a wand of digging (15)
Scrolls
 c - 5 scrolls of identify
 g - a scroll of blinking {unknown}
 i - 2 scrolls of immolation
 m - 4 scrolls of teleportation {unknown}
 n - a scroll of fog {unknown}
 q - 2 scrolls of enchant weapon {unknown}
 t - a scroll of remove curse
Potions
 d - 2 potions of lignification
 e - a potion of haste
 f - 2 potions of flight
 l - a potion of curing
 r - a potion of brilliance {unknown}
Books
 b - a book of Changes

   Spells                             Type                      Level
   a - Beastly Appendage              Transmutation                1
   b - Sticks to Snakes               Transmutation                2
   c - Spider Form                    Transmutation/Poison         3
   d - Ice Form                       Ice/Transmutation            4
   e - Blade Hands                    Transmutation                5
Comestibles
 o - 4 rations


   Skills:
 + Level 2.3 Fighting
 + Level 3.0 Dodging
 - Level 3.0 Unarmed Combat
 + Level 4.9 Spellcasting
 * Level 5.8 Transmutations
 - Level 3.0 Ice Magic


You had 9 spell levels left.
You knew the following spells:

 Your Spells              Type           Power        Failure   Level  Hunger
a - Beastly Appendage     Tmut           ###...       1%          1    None
b - Sticks to Snakes      Tmut           ###.....     1%          2    ##.....
c - Ice Form              Ice/Tmut       ###.....     24%         4    ####...


Dungeon Overview and Level Annotations

Branches:
Dungeon (6/15)
 Temple: D:4-7

Altars:
Ashenzari
Kikubaaqudgha
Okawaru

Annotations:
D:2 1 runed door
D:3 exclusion: centaur
D:4 Ignatius881's ghost, amateur GnWn


Innate Abilities, Weirdness & Mutations

You cannot wear most types of armour.
You are very stealthy in the water. (Stealth+)
You are amphibious.
You can wear up to eight rings at the same time.
You can use your tentacles to constrict eight enemies at once.
Your skin changes colour to match your surroundings (Stealth+).
Your rubbery body absorbs attacks. (AC +1, EV +1)
One of your tentacles bears a large vicious spike.


Message History

You pierce the hornet zombie, but do no damage.
Your squeeze misses the hornet zombie.
The hornet zombie is lightly damaged.
Your transformation is almost over.
You constrict the hornet zombie. The hornet zombie hits you!
You tentacle-slap the hornet zombie but do no damage.
You squeeze the hornet zombie!
The hornet zombie is moderately damaged.
You constrict the hornet zombie. The hornet zombie hits you!
Unknown command.
You tentacle-slap the hornet zombie but do no damage.
The hornet zombie is moderately damaged.
You constrict the hornet zombie. The hornet zombie hits you!
* * * LOW HITPOINT WARNING * * *
Unknown command.
Casting: Beastly Appendage
Confirm with . or Enter, or press ? or * to list all spells.
You create a snake!
You now have 55 arrows.
You constrict the hornet zombie. The hornet zombie hits you!
You die...

####+# ≈P+≈≈
#####≈#≈#####
≈≈≈≈≈.≈.#???#
#≈≈≈#≈.'!?!#
#.S.#
####≈###
#≈P.@≈.#
#≈≈##≈Z#####
# #..≈#..∩#
##≈≈.'.∩.#
#≈...#...#
#≈##≈#####
#≈.'≈≈≈≈.≈.≈
#≈###≈≈.≈.#≈≈
≈≈ #P#.#P#


You could see a hornet zombie and a friendly ball python.

Vanquished Creatures
  An ogre (D:5)
  A centaur (D:5)
  A scorpion (D:5)
  2 hounds
  2 orc wizards
  Jessica (D:2)
  6 mummies (Ossuary)
  2 worker ants
  A hound zombie (Ossuary)
  A hound skeleton (D:4)
  Robin (D:2)
  A worker ant zombie (Ossuary)
  A howler monkey zombie (Ossuary)
  7 adders
  An adder skeleton (D:4)
  An adder zombie (Ossuary)
  6 leopard geckos
  12 orcs
  4 bats
  8 giant cockroaches
  14 goblins
  9 hobgoblins
  8 jackals
  4 quokkas
  A frilled lizard (D:2)
  A giant cockroach zombie (Ossuary)
  4 kobolds
  A leopard gecko skeleton (D:5)
  A leopard gecko zombie (Ossuary)
  A quokka skeleton (D:5)
  A quokka zombie (Ossuary)
  10 rats
115 creatures vanquished.

Vanquished Creatures (collateral kills)
  An ogre (D:5)
  A bullfrog zombie (Ossuary)
  An adder (D:2)
  An adder zombie (Ossuary)
  An orc (D:4)
  2 goblins (D:1)
7 creatures vanquished.

Vanquished Creatures (others)
  2 withered plants (Ossuary)
2 creatures vanquished.

Grand Total: 124 creatures vanquished

Notes
Turn   | Place    | Note
-------+----------+-------------------------------------------
     0 | D:1      | oplop the Octopode Transmuter began the quest for the Orb.
     0 | D:1      | Reached XP level 1. HP: 13/13 MP: 3/3
   109 | D:1      | Reached XP level 2. HP: 8/18 MP: 3/5
   791 | D:2      | Reached XP level 3. HP: 18/23 MP: 5/7
   801 | D:2      | Noticed Jessica
   806 | D:2      | Killed Jessica
   806 | D:2      | Reached skill level 3 in Transmutations
   806 | D:2      | Reached XP level 4. HP: 23/28 MP: 6/8
   858 | D:2      | Noticed Robin
   862 | D:2      | Killed Robin
   935 | D:1      | Learned a level 2 spell: Sticks to Snakes
   940 | D:1      | Learned a level 4 spell: Ice Form
  1355 | D:2      | Found a shattered altar of Ashenzari.
  1741 | D:2      | Found a runed door.
  1958 | D:3      | Reached XP level 5. HP: 24/33 MP: 8/10
  2113 | D:3      | Reached skill level 1 in Ice Magic
  2210 | D:3      | Noticed a centaur
  2980 | D:4      | Reached skill level 4 in Transmutations
  3348 | D:4      | Reached XP level 6. HP: 23/38 MP: 9/11
  3593 | D:4      | Noticed a phantom
  3594 | D:4      | Noticed Ignatius881's ghost (amateur GnWn)
  3661 | D:5      | Entered Level 5 of the Dungeon
  3864 | D:5      | HP: 1/57 [centaur/enchanted shortbow (2)]
  4118 | D:5      | Found an iron altar of Okawaru.
  4121 | D:5      | Reached XP level 7. HP: 43/43 MP: 11/13
  4238 | D:5      | Found an ancient bone altar of Kikubaaqudgha.
  4467 | D:5      | Reached skill level 5 in Transmutations
  5640 | D:6      | Found a sand-covered staircase.
  5649 | Ossuary  | Entered an ossuary
  5975 | Ossuary  | Reached XP level 8. HP: 50/50 MP: 15/15
  5979 | Ossuary  | Slain by a hornet zombie

Skill      XL: |  1  2  3  4  5  6  7 |
---------------+----------------------+-----
Spellcasting   | 3 4 |  4.9
Transmutations | 3 4 5 |  5.8
Ice Magic      | 2 3 |  3.0
Fighting       | 2 |  2.3
Dodging        | 3 |  3.0
Unarmed Combat | |  3.0

Action                   |  1- 3 |  4- 6 |  7- 9 || total
-------------------------+-------+-------+-------++-------
Melee: Unarmed           |    47 |   159 |    94 ||   300
       Constrict         |    14 |    43 |    13 ||    70
       Tentacles         |     7 |    26 |     8 ||    41
       Kick              |     2 |    24 |    11 ||    37
       Punch             |       |     2 |     1 ||     3
 Cast: Beastly Appendage |     5 |    21 |     5 ||    31
       Sticks to Snakes  |       |    14 |     7 ||    21
       Ice Form          |       |     1 |     5 ||     6
  Use: Scroll            |       |     5 |     1 ||     6
       Potion            |       |     5 |       ||     5
 Stab: Sleeping          |     7 |     3 |     1 ||    11
       Distracted        |     1 |       |       ||     1
  Eat: Ration            |       |     2 |     1 ||     3
       Chunk             |       |     6 |     2 ||     8
Armor: Skin              |     2 |    27 |    11 ||    40
Dodge: Dodged            |    24 |   104 |    26 ||   154
Block: Other             |       |       |     9 ||     9
